AoeStats
← Lord RDB

Arabian Desert

509887509Analyzed
1v1 RM · 2d ago on Sep 28, 2026· 25m 24s· 2 players
Game mode
Random Map
Map size
Tiny (2 player)
Population
200
Speed
Normal
Resources
Standard
Victory
Conquest
Starting age
Dark Age
Ending age
Imperial Age
RankedLock teamsTeams togetherTeam positionsShared explorationLock speedFull tech treeHidden civsTurbo modeCheats
Victory
Defeat
🇦🇪 Persians · United Arab Emirates
1384
+15
🇺🇸 Jurchens · United States
1369
-15
Casper
6:30 Loom
9:09 Feudal Age
10:22 Double-Bit Axe
15:10 Forging
15:51 Scale Barding Armor
17:55 Bloodlines
22:14 Castle Age
20:10 Horse Collar
20:37 Gold Mining
21:01 Padded Archer Armor
23:17 Elite Skirmisher
25:07 Leather Archer Armor
Lord RDB
6:42 Loom
8:56 Feudal Age
9:44 Double-Bit Axe
14:27 Fletching
21:28 Castle Age
20:25 Padded Archer Armor
20:48 Horse Collar
21:37 Bloodlines
22:31 Wheelbarrow
22:28 Bodkin Arrow
23:26 Bow Saw
24:59 Scale Barding Armor
Connection lost

Rejoining the realm…

Still unreachable

The connection could not be restored.

Session expired

The server has moved on; the page needs a fresh start.